AoeStats
← GENTILLESSE

Arena

508981112Analyzed
4v4 RM · 6d ago on Sep 24, 2026· 79m 14s· 8 players
Game mode
Random Map
Map size
Large (8 player)
Population
200
Speed
Normal
Resources
Standard
Victory
Conquest
Starting age
Dark Age
Ending age
Imperial Age
RankedLock teamsTeams togetherTeam positionsShared explorationLock speedFull tech treeHidden civsTurbo modeCheats
Victory
Defeat
🇵🇪 Inca · Peru
990
+9
🇫🇷 Burgundians · France
945
+10
🇺🇸 Danes · United States
916
+11
🇲🇽 Japanese · Mexico
811
+15
🇦🇷 Muisca · Argentina
868
-14
🇹🇷 Mongols · Türkiye
805
-11
🇺🇸 Italians · United States
782
-10
🇨🇳 Vietnamese · China
770
-10
whythelongfaceimahorse
10:34 Feudal Age
10:38 Loom
11:59 Double-Bit Axe
14:18 Castle Age
14:17 Man-at-Arms
16:18 Scale Mail Armor
17:23 Forging
19:15 Arson
23:04 Chain Mail Armor
23:27 Iron Casting
25:35 Horse Collar
27:38 Chain Mail Armor
28:01 Wheelbarrow
27:51 Gold Mining
30:01 Stone Mining
33:57 Imperial Age
32:11 Stone Shaft Mining
32:40 Hand Cart
34:30 Heavy Plow
36:22 Chemistry
35:40 Bow Saw
35:22 Onager
37:34 Conscription
38:57 Gold Shaft Mining
39:52 Siege Engineers
40:59 Siege Onager
41:27 Northmen's Fury
43:55 Caravan
44:08 Capped Ram
46:23 Siege Ram
46:27 Elite Varangian Guard
46:29 Elite Jomsviking
48:51 Blast Furnace
48:21 Plate Mail Armor
48:27 Plate Mail Armor
48:05 Pikeman
48:50 Squires
49:41 Halberdier
51:15 Masonry
51:17 Elite Varangian Guard
52:22 Hamask
62:37 Ballistics
69:13 Hoardings
71:53 Fletching
72:31 Bodkin Arrow
76:22 Town Watch
Silver
0:31 Loom
11:45 Feudal Age
12:43 Double-Bit Axe
12:47 Horse Collar
15:39 Wheelbarrow
19:47 Castle Age
18:22 Arson
17:57 Man-at-Arms
18:34 Stone Mining
18:36 Gold Mining
25:02 Gold Shaft Mining
24:32 Heavy Plow
24:46 Bow Saw
26:52 Treadmill Crane
28:24 Hand Cart
33:05 Imperial Age
30:37 Squires
30:24 Gambesons
29:59 Pikeman
31:13 Forging
31:04 Scale Mail Armor
33:00 Iron Casting
32:23 Murder Holes
32:48 Ballistics
31:53 Long Swordsman
33:05 Caravan
33:57 Chain Mail Armor
33:12 Two-Handed Swordsman
33:13 Halberdier
35:20 Chemistry
34:26 Siege Engineers
33:52 Elite Samurai
35:25 Conscription
35:45 Hoardings
37:15 Two-Man Saw
36:24 Fletching
37:35 Blast Furnace
36:38 Padded Archer Armor
37:10 Thumb Ring
36:26 Elite Skirmisher
37:57 Plate Mail Armor
37:29 Bodkin Arrow
37:35 Padded Archer Armor
38:20 Arrowslits
39:10 Capped Ram
41:57 Champion
45:54 Sanctity
45:45 Fervor
47:08 Bracer
47:24 Leather Archer Armor
47:15 Scale Barding Armor
52:05 Ring Archer Armor
51:41 Scale Barding Armor
73:11 Crossbowman
78:27 Guard Tower
78:48 Fortified Wall
GENTILLESSE
9:10 Double-Bit Axe
12:04 Wheelbarrow
12:59 Feudal Age
11:12 Horse Collar
12:49 Gold Mining
16:35 Hand Cart
18:31 Castle Age
19:01 Bow Saw
19:29 Heavy Plow
20:58 Loom
26:17 Imperial Age
29:14 Two-Man Saw
28:00 Cavalier
30:03 Husbandry
31:27 Gold Shaft Mining
30:50 Paladin
37:08 Conscription
36:55 Burgundian Vineyards
36:58 Scale Barding Armor
37:44 Forging
38:24 Chain Barding Armor
38:05 Stone Mining
39:49 Iron Casting
41:26 Plate Barding Armor
42:49 Blast Furnace
42:32 Scale Mail Armor
45:31 Stone Shaft Mining
44:40 Onager
45:22 Light Cavalry
51:20 Hussar
55:01 Fletching
55:12 Padded Archer Armor
77:43 Chain Mail Armor
77:24 Bodkin Arrow
77:30 Elite Skirmisher
MapacheZebra
1:08 Loom
3:48 Loom
11:41 Feudal Age
12:22 Town Watch
13:15 Wheelbarrow
12:02 Champi Runner
15:17 Arson
19:03 Horse Collar
23:24 Castle Age
22:23 Forging
25:09 Hand Cart
25:14 Heavy Plow
25:04 Double-Bit Axe
30:05 Scale Mail Armor
30:32 Bow Saw
30:19 Gold Mining
30:20 Stone Mining
33:34 Imperial Age
32:50 Iron Casting
34:50 Conscription
33:53 Champi Warrior
34:34 Squires
36:59 Onager
38:42 Elite Skirmisher
41:37 Crop Rotation
41:44 Gold Shaft Mining
43:05 Heavy Scorpion
45:05 Siege Engineers
46:02 Chemistry
45:58 Stone Shaft Mining
47:05 Ballistics
50:04 Fletching
52:31 Fortified Wall
53:38 Capped Ram
56:02 Siege Ram
58:20 Elite Champi Warrior
60:47 Blast Furnace
62:39 Murder Holes
glinesbrandon1
1:43 Loom
12:01 Feudal Age
14:31 Double-Bit Axe
19:08 Castle Age
17:36 Stone Mining
20:33 Fletching
20:44 Padded Archer Armor
25:04 Silk Road
32:16 Imperial Age
30:13 Murder Holes
33:59 Chemistry
36:16 Town Watch
37:47 Gold Mining
38:30 Bow Saw
42:45 Conscription
48:56 Thumb Ring
48:50 Bodkin Arrow
49:11 Leather Archer Armor
58:43 Ballistics
58:55 Pirotechnia
卢本伟
3:44 Loom
11:27 Feudal Age
15:35 Castle Age
14:32 Gold Mining
14:28 Horse Collar
15:33 Fletching
16:49 Stone Mining
22:03 Double-Bit Axe
23:49 Heavy Plow
25:22 Wheelbarrow
28:04 Stone Shaft Mining
33:47 Imperial Age
31:47 Fortified Wall
32:14 Hand Cart
32:16 Bow Saw
33:57 Ballistics
34:28 Bodkin Arrow
34:35 Padded Archer Armor
35:57 Chemistry
35:05 Padded Archer Armor
36:15 Two-Man Saw
35:49 Crop Rotation
36:06 Elite Rattan Archer
36:12 Pikeman
36:53 Squires
36:39 Arson
37:31 Leather Archer Armor
37:59 Thumb Ring
37:23 Halberdier
38:03 Elite Skirmisher
39:42 Bracer
40:07 Paper Money
40:29 Ring Archer Armor
40:02 Scale Mail Armor
40:13 Forging
40:36 Imperial Skirmisher
42:52 Chain Mail Armor
43:14 Iron Casting
46:40 Plate Mail Armor
46:46 Iron Casting
53:27 Siege Engineers
53:33 Masonry
53:20 Murder Holes
53:06 Treadmill Crane
54:26 Scale Barding Armor
69:42 Coinage
71:52 Banking
Poexs
10:24 Feudal Age
11:39 Double-Bit Axe
16:00 Castle Age
14:07 Horse Collar
17:01 Bow Saw
17:01 Heavy Plow
20:47 Stone Mining
22:09 Loom
25:25 Gold Mining
26:11 Stone Shaft Mining
25:24 Man-at-Arms
28:36 Town Watch
29:28 Wheelbarrow
28:39 Loom
29:35 Gold Shaft Mining
30:30 Ballistics
30:21 Padded Archer Armor
30:12 Fletching
31:30 Husbandry
31:40 Bloodlines
32:49 Leather Archer Armor
32:30 Bodkin Arrow
35:15 Imperial Age
35:32 Elite Mangudai
36:33 Conscription
36:48 Bracer
37:38 Drill
38:11 Capped Ram
40:02 Chemistry
40:27 Siege Ram
43:43 Scale Barding Armor
43:49 Forging
44:09 Thumb Ring
44:33 Parthian Tactics
44:14 Thumb Ring
45:36 Elite Steppe Lancer
56:20 Chain Barding Armor
56:36 Iron Casting
62:52 Caravan
65:10 Elite Skirmisher
66:54 Imperial Skirmisher
Ultra cogolloo
6:11 Loom
16:42 Feudal Age
17:58 Wheelbarrow
17:15 Double-Bit Axe
17:14 Horse Collar
18:12 Champi Runner
41:26 Castle Age
43:08 Hand Cart
47:56 Forging
47:46 Scale Mail Armor
51:04 Chain Mail Armor
Connection lost

Rejoining the realm…

Still unreachable

The connection could not be restored.

Session expired

The server has moved on; the page needs a fresh start.